 Dungeon Crawl Stone Soup version 0.28.0-62-gf88900778d (webtiles) character file.

Game seed: 11284285111942541773

41 cbfl8 the Skirmisher (level 3, -1/43 HPs)
             Began as a Demonspawn Berserker on Jan 16, 2024.
             Was a Follower of Trog.
             Slain by an adder (3 damage)
             ... on level 2 of the Dungeon.
             The game lasted 00:01:37 (2079 turns).

cbfl8 the Skirmisher (Demonspawn Berserker)         Turns: 2079, Time: 00:01:37

Health: -1/43      AC:  6    Str: 19    XL:     3   Next: 32%
Magic:  3/3        EV: 11    Int:  8    God:    Trog [*.....]
Gold:   36         SH:  0    Dex: 12    Spells: 2/2 levels left

rFire   . . .      SeeInvis .   a - +0 hand axe
rCold   . . .      Faith    .   (no shield)
rNeg    . . .      Spirit   .   c - +0 ring mail
rPois   .          Reflect  .   (helmet restricted)
rElec   .          Harm     .   (no cloak)
rCorr   .          Rampage  .   (no gloves)
Will    +....                   d - +0 pair of boots
Stlth   ..........              (no amulet)
HPRegen 0.14/turn               (no ring)
MPRegen 0.08/turn               (no ring)

@: berserking, lethally poisoned (-1 -> -2), very quick
A: antennae 1, strong-willed 1, screaming 1
a: Renounce Religion, Berserk


You were on level 2 of the Dungeon.
You worshipped Trog.
Trog was aware of your devotion.
You visited 1 branch of the dungeon, and saw 2 of its levels.

You collected 36 gold pieces.

Inventory:

Hand Weapons
 a - a +0 hand axe (weapon)
Armour
 c - a +0 ring mail (worn)
 d - a +0 pair of boots (worn)


   Skills:
 + Level 3.4 Fighting
 + Level 3.3 Axes
 + Level 1.9 Armour
 - Level 1.7 Dodging
 * Level 1.1 Evocations


You had 2 spell levels left.
You didn't know any spells.
Your spell library was empty.

Dungeon Overview and Level Annotations

Branches:
Dungeon (2/15)

Altars:


Innate Abilities, Weirdness & Mutations

You have a pair of small antennae on your head.
You are strong-willed. (Will+)
You occasionally shout uncontrollably at your foes.


Message History

The adder is heavily wounded.
The adder bites you.
You are poisoned.
The adder poisons you!
Unknown command.
You hit the adder but do no damage.
The adder is heavily wounded.
You feel sick. The adder bites you. x2
Unknown command.
Unknown command.
You completely miss the adder.
The adder is heavily wounded.
You feel sick. The adder bites you.
You are more poisoned.
The adder poisons you!
Unknown command.
You are too injured to fight recklessly!
You are too injured to fight recklessly!
You are too injured to fight recklessly!
You are too injured to fight recklessly!
You hit the adder.
The adder is almost dead.
You feel sick. The adder closely misses you. The adder barely misses you.
You miss the adder.
The adder is almost dead.
You feel sick. The adder bites you.
* * * LOW HITPOINT WARNING * * *
It was a potion of mutation.
You feel extremely strange.
You feel the urge to shout.
You feel strong-willed.
* * * LOW HITPOINT WARNING * * *
You feel sick.
The adder bites you but does no damage. x2
A red film seems to cover your vision as you go berserk!
You feel yourself moving faster!
You feel mighty!
* * * LOW HITPOINT WARNING * * *
You feel sick. The adder bites you but does no damage.
You miss the adder.
The adder is almost dead.
* * * LOW HITPOINT WARNING * * *
You feel sick. The adder bites you.
You die...

.....+ ....##
.....## ......#
#..... #...# #S).#
######### #@..#
#.......####...#
#.#............#
###.....#.######.###
............†.......
#####.#.#†######.###
# #.#.# # # #.#.#
#.#.#.#


You could see an adder.

Vanquished Creatures
  A worm (D:2)
  4 ball pythons
  3 bats (D:1)
  3 endoplasms (D:1)
  A giant cockroach (D:1)
  7 goblins
  4 hobgoblins (D:1)
  2 jackals (D:1)
  2 kobolds (D:1)
  3 quokkas
  A frilled lizard (D:1)
  2 rats (D:1)
33 creatures vanquished.

Notes
Turn   | Place    | Note
-------+----------+-------------------------------------------
     0 | D:1      | cbfl8 the Demonspawn Berserker began the quest for the Orb.
     0 | D:1      | Reached XP level 1. HP: 18/18 MP: 1/1
   784 | D:1      | Gained mutation: You have a pair of small antennae on your
                  | head. [demonic ancestry]
   784 | D:1      | Reached XP level 2. HP: 23/24 MP: 2/2
  1517 | D:1      | Reached XP level 3. HP: 26/29 MP: 3/3
  1566 | D:1      | Reached skill level 1 in Evocations
  2077 | D:2      | Gained mutation: You occasionally shout uncontrollably at
                  | your foes. [potion of mutation]
  2077 | D:2      | Gained mutation: You are strong-willed. (Will+) [potion of
                  | mutation]
  2079 | D:2      | HP: 2/43 [poisoned by an adder]
  2079 | D:2      | Slain by an adder

Illustrated notes

Levels and vault maps discovered:
D:1:      eino_arrival_cavern_d, layout_basic, minmay_misc_feat_room,
          minmay_misc_feat_ornament, hangedman_decor_push, minmay_misc_feat_x
D:2:      layout_basic, minmay_misc_feat_iff, kennysheep_generic_room_2,
          uniq_jessica

Skill      XL: |  1  2  3 |
---------------+----------+-----
Axes           | 3 |  3.3
Evocations     | 1 |  1.1
Fighting       | |  3.4
Armour         | |  1.9
Dodging        | |  1.7

Action                   || total
-------------------------++-------
Melee: Hand axe          ||   107
       Punch             ||     1
Invok: Berserk           ||     1
  Use: Potion            ||     1
 Stab: Sleeping          ||     1
Armor: Ring mail         ||    36
       Animal skin       ||     2
Dodge: Dodged            ||    78
